 Dungeon Crawl Stone Soup version 0.31-a0-331-geda263fcf1 (webtiles) character file.

Game seed: 14121380339026893809

193 mopl the Changeling (level 5, -3/36 HPs)
             Began as an Octopode Shapeshifter on July 19, 2023.
             Was a Follower of Uskayaw.
             Killed from afar by Natasha (8 damage)
             ... with a magic dart
             ... on level 3 of the Dungeon.
             The game lasted 00:02:23 (2220 turns).

mopl the Changeling (Octopode Shapeshifter)         Turns: 2220, Time: 00:02:23

Health: -3/36      AC:  1    Str: 15    XL:     5   Next: 72%
Magic:  5/5        EV: 18    Int: 16    God:    Uskayaw [*.....]
Gold:   76         SH:  0    Dex: 14    Spells: 4/4 levels left

rFire   . .          .
                       - Unarmed
rCold   . . .        (no shield)
rNeg    . . .        (helmet currently unavailable)
rPois   .            (no amulet)
rElec   .            c - +5 ring of evasion
rCorr   .            h - +6 ring of intelligence
SInv    .            (no ring)
Will    .....        (no ring)
Stlth   ++           (no ring)
HPRegen 0.26/turn    (no ring)
MPRegen 0.09/turn    (no ring)
                     (no ring)

%: no passive effects
@: beast-form
A: beast (slay +2), almost no armour, amphibious, 8 rings, camouflage 1,
gelatinous body 1, (nimble swimmer 1), tentacles
a: Begin Untransformation, Renounce Religion, Stomp


You were on level 3 of the Dungeon.
You worshipped Uskayaw.
Uskayaw was noncommittal.
You were a hulking beast.
You visited 1 branch of the dungeon, and saw 3 of its levels.

You collected 106 gold pieces.
You spent 30 gold pieces at shops.

Inventory:

Missiles
 f - 4 poisoned darts (quivered)
 o - 2 boomerangs
Jewellery
 c - a +5 ring of evasion (left tentacle)
 h - a +6 ring of intelligence (right tentacle)
Talismans
 b - a beast talisman
Wands
 g - a wand of paralysis (8)
Scrolls
 d - 4 scrolls of identify {unknown}
 j - a scroll of fear {unknown}
 k - 2 scrolls of revelation {unknown}
 l - a scroll of vulnerability {unknown}
 m - a scroll of noise {unknown}
 n - 2 scrolls of enchant armour {unknown}
 q - a scroll of brand weapon {unknown}
Potions
 a - a potion of lignification {!q}
 e - a potion of enlightenment {unknown}
 i - a potion of ambrosia {unknown}
 p - a potion of curing {unknown}
 r - a potion of brilliance {unknown}


   Skills:
 + Level 2.8 Fighting
 + Level 2.8 Dodging
 * Level 3.7 Unarmed Combat
 + Level 0.3 Invocations
 * Level 4.0 Shapeshifting


You had 4 spell levels left.
You didn't know any spells.
Your spell library contained the following spells:

 Spells                   Type           Power      Damage    Failure   Level
 Apportation              Tloc           0%         N/A       26%         1
 Necrotise                Necr           0%         1d4       26%         1
 Summon Small Mammal      Summ           0%         N/A       26%         1
 Cigotuvi's Dreadful Rot  Necr/Pois/Air  0%         N/A       36%         2
 Gell's Gravitas          Tloc           0%         N/A       58%         3
 Ignite Poison            Fire/Tmut/Pois 0%         N/A       58%         3
 Teleport Other           Tloc           0%         N/A       58%         3
 Freezing Cloud           Conj/Ice/Air   0%         6-21      100%        5
 Dispersal                Tloc           0%         N/A       100%        6


Dungeon Overview and Level Annotations

Branches:
Dungeon (3/15)

Altars:
Dithmenos
Gozag
Uskayaw

Shops:
D:2 !

Annotations:
D:3 Natasha


Innate Abilities, Weirdness & Mutations

You are a hulking beast.
Your limbs bulge with bestial killing power. (Slay +2)
You cannot wear most types of armour.
You are amphibious.
You can wear up to eight rings at the same time.
Your skin changes colour to match your surroundings (Stealth+).
Your rubbery body absorbs attacks. (AC +1, EV +1)
((You are camouflaged when in or above water. (Stealth+)))
You have tentacles for arms and can constrict up to eight enemies at once.


Message History

You tentacle-slap the endoplasm. You squeeze the endoplasm.
You kill the endoplasm!
Your Shapeshifting skill increases to level 4!
No target in view!
Found a shadowy altar of Dithmenos.
Found a dagger.
r - a fizzy white potion An orc comes into view.
It is wielding a +0 club.
Found an escape hatch in the floor.
The orc shouts!
The orc closely misses you.
You bludgeon the orc!
You kill the orc!
No target in view!
No target in view!
There is an escape hatch in the floor here.
You see here a +0 club.
Found 9 stones.
A rat comes into view.
The helpless rat fails to defend itself.
You bludgeon the rat!
You kill the rat!
No target in view!
Found an escape hatch in the ceiling.
There is an escape hatch in the ceiling here.
Found a stone staircase leading up.
d - 4 scrolls labelled JUIZAA VUFU (gained 1) Natasha, Servant of Life and Death comes into view.
She is carrying a wand of flame.
Natasha hisses angrily.
Natasha zaps a wand.
The puff of flame hits you!
Natasha is nearby!
Natasha growls.
Natasha zaps a wand.
The puff of flame hits you!
You are too injured to fight recklessly!
You are too injured to fight recklessly!
Natasha zaps a wand.
The puff of flame hits you!
* * * LOW HITPOINT WARNING * * *
Natasha stares at you and mumbles some strange words.
The magic dart hits you!
You die...

.######.#)###..........####......
........#.##..#.#####..####......
..........##..#.# ###............
######.#####..### #...####.......
..............#####.### #.###.##
########..>....(.#...#####.###.#
# #########.#.............# ##
#........####.##### .#
#..h........#.# .#
###h...#.##.#.# .# #.#..#.## #.#
.# #####<....... #.# #########
#.[.....##### #.# ........#
#.###......# #.# #######.# #.#
######.# #.# # #.# #.# #.# #.# #
#.# #.# #.# #.#


You could see Natasha.

Vanquished Creatures
  An orc priest (D:3)
  Natasha (twice) (D:3)
  An iguana (D:3)
  An adder (D:3)
  4 worms
  7 orcs (D:3)
  8 endoplasms
  A giant cockroach (D:3)
  5 goblins
  6 hobgoblins
  A jackal (D:1)
  3 quokkas
  3 ball pythons
  4 bats
  2 frilled lizards (D:1)
  3 kobolds
  7 rats
59 creatures vanquished.

Notes
Turn   | Place    | Note
-------+----------+-------------------------------------------
     0 | D:1      | mopl the Octopode Shapeshifter began the quest for the Orb.
     0 | D:1      | Reached XP level 1. HP: 14/14 MP: 1/1
    59 | D:1      | Reached XP level 2. HP: 7/19 MP: 2/2
   233 | D:1      | Reached XP level 3. HP: 20/24 MP: 3/3
   672 | D:2      | Found Mealad's Distillery.
   682 | D:2      | Bought a potion of attraction for 30 gold pieces
  1034 | D:2      | Found an opulent altar of Gozag.
  1481 | D:3      | Found a faded altar of an unknown god.
  1491 | D:3      | Reached skill level 3 in Unarmed Combat
  1491 | D:3      | Reached XP level 4. HP: 6/30 MP: 4/4
  1867 | D:3      | Identified the +1 robe of Defence {rN+ rCorr}
  1914 | D:3      | Noticed a +0 hand axe
  1915 | D:3      | Found a hide-covered altar of Uskayaw.
  1915 | D:3      | Noticed Natasha
  1946 | D:3      | Killed Natasha
  1947 | D:3      | Reached XP level 5. HP: 22/35 MP: 5/5
  1993 | D:3      | Noticed a +0 hand axe
  2004 | D:3      | Became a worshipper of Uskayaw the Reveller
  2040 | D:3      | Noticed Natasha
  2044 | D:3      | Reached * piety under Uskayaw
  2046 | D:3      | Killed Natasha
  2046 | D:3      | Reached ** piety under Uskayaw
  2109 | D:3      | Reached skill level 4 in Shapeshifting
  2114 | D:3      | Found a shadowy altar of Dithmenos.
  2216 | D:3      | Noticed Natasha
  2220 | D:3      | Killed from afar by Natasha

Illustrated notes

Levels and vault maps discovered:
D:1:      lemuel_arrival_cross, layout_rooms, st_stairs_5,
          minmay_misc_feat_secret_circle
D:2:      layout_basic, serial_shops, nicolae_diamond_shop, basic_altar,
          grunt_ministairs_2, nicolae_wormholes
D:3:      layout_basic, dancing_weapons_uskayaw, grunt_dithmenos_smoke,
          ebering_ecumenical_altar_mist, kennysheep_pointless_box, uniq_natasha

Skill      XL: |  1  2  3  4  5 |
---------------+----------------+-----
Unarmed Combat | 3 |  3.7
Shapeshifting  | 4 |  4.0
Fighting       | |  2.8
Dodging        | |  2.8
Invocations    | |  0.3

Action                     |  1- 3 |  4- 6 || total
---------------------------+-------+-------++-------
  Melee: Unarmed           |    82 |    38 ||   120
         Constrict         |    24 |     9 ||    33
         Tentacles         |    16 |    11 ||    27
         Punch             |     2 |     1 ||     3
   Stab: Sleeping          |     3 |     5 ||     8
         Distracted        |     1 |       ||     1
 Armour: Skin              |     3 |     1 ||     4
  Dodge: Dodged            |    36 |    24 ||    60

Table legend: (Time is in decaauts)
 A = Elapsed time spent in this place.
 B = Non-inter-level travel time spent in this place.
 C = Inter-level travel time spent in this place.
 D = Time resting spent in this place.
 E = Time spent auto-exploring this place.
 F = Levels seen in this place.
 G = Mean time per level.
                   A        B        C        D        E       F      G
               +--------+--------+--------+--------+--------+-----+--------+
         Total |   2213 |   2147 |     66 |    306 |   1482 |   3 |  737.7 |
       Dungeon |   2213 |   2147 |     66 |    306 |   1482 |   3 |  737.7 |
               +--------+--------+--------+--------+--------+-----+--------+

Top non-repeatable levels by time:
     D:2: 973 daAuts
     D:3: 772 daAuts
     D:1: 466 daAuts
